Sewer Rats vs Inferno (R1)

Created - 18 septembre 2014 at 19:23

Simulating a Pre-Season

Goals
1 2 3 T
Sewer Rats 0 0 1 1
Inferno 1 0 2 3
Shots
1 2 3 T
Sewer Rats 6 13 6 25
Inferno 13 8 13 34

1st period

1. Inferno , Brad Marchand 8 (Jonathan Ferland) at 8:54

Penalties :
Stephane Veilleux (Anc) for Cross-checking (Minor) at 3:15, John-Michael Liles (Tol) for Hooking (Minor) at 10:50, John-Michael Liles (Tol) for Hooking (Minor) at 17:12

2nd period

No Goal

Penalties :
Kyle Okposo (Tol) for Kneeing (Major) at 0:26

3rd period

2. Inferno , Alex Berry 3 (Matt Kassian, Yannick Weber) at 3:42
3. Sewer Rats , Evan Brophey 1 (Vojtech Polak, Kyle Quincey) at 6:37
4. Inferno , Brian Boyle 2 (Brendan Mikkelson) at 10:57

Penalties :
Kyle Quincey (Tol) for Slashing (Minor) at 4:24, Simon Danis-Pepin (Anc) for Cross-checking (Minor) at 7:47, Brian Boyle (Anc) for Tripping (Minor) at 7:56

Goalie Stats

Semyon Varlamov (Tol), 31 saves from 34 shots - (0,912), L, 2-2-1, 60:00 minutes
Jonathan Boutin (Anc), 24 saves from 25 shots - (0,960), W, 1-1-0, 60:00 minutes

Players Stats for Sewer Rats

Player Name              G  A  P  +/- PIM S  H  SB GA TA FO     MP     PP MP  PK MP  
------------------------------------------------------------------------------------
Chad Denny               0  0  0   0  0   0  0  0  0  0  0/0     4:55   0:00   0:00 
Derek Dorsett            0  0  0   0  0   1  0  1  1  1  0/0    12:46   0:00   0:00 
Evan Brophey             1  0  1   0  0   1  0  1  0  0  5/10   12:39   0:00   0:25 
John Erskine             0  0  0  -3  0   1  4  5  0  1  0/0    27:13   2:57   6:06 
John Lammers             0  0  0   0  0   0  1  0  0  0  0/0    10:10   0:00   3:12 
John-Michael Liles       0  0  0  -3  4   3  1  2  1  0  0/0    25:20   2:57   3:55 
Jonathan Paiement        0  0  0   0  0   0  1  0  0  0  0/0    11:50   0:00   3:18 
Jordan Caron             0  0  0   0  0   0  0  0  0  0  0/0     6:32   0:00   0:00 
Kyle Okposo              0  0  0  -1  5   1  1  0  0  3  1/1    17:19   1:47   1:43 
Kyle Quincey             0  1  1   1  2   2  0  3  0  2  0/0    18:07   1:10   3:14 
Kyle Turris              0  0  0  -1  0   3  3  0  1  1  7/28   17:34   1:47   1:43 
Lars Eller               0  0  0  -1  0   4  0  0  0  0  2/10   14:37   2:20   0:00 
Mark Mancari             0  0  0  -1  0   3  4  0  0  0  0/0    18:24   2:20   3:36 
Matt Lashoff             0  0  0   1  0   1  0  1  1  1  0/0    18:42   1:10   3:52 
Mattias Ekholm           0  0  0   0  0   0  0  0  0  0  0/0     0:00   0:00   0:00 
Max Pacioretty           0  0  0  -1  0   0  4  1  1  0  4/9    24:04   1:47   5:02 
Mike Funk                0  0  0   0  0   0  0  0  0  0  0/0     6:09   0:00   1:27 
Patrick Bordeleau        0  0  0   0  0   0  0  0  0  0  0/0     0:00   0:00   0:00 
Ryan Maki                0  0  0   0  0   0  0  0  0  0  0/0     0:11   0:00   0:00 
Steven Kampfer           0  0  0   0  0   0  0  0  0  1  0/0     8:25   0:00   0:00 
Tom Sestito              0  0  0   0  0   0  0  0  0  0  0/0     0:00   0:00   0:00 
Ville Leino              0  0  0  -1  0   3  3  0  1  2  0/2    20:03   2:20   5:07 
Vojtech Polak            0  1  1   0  0   2  1  0  0  0  0/0    14:00   0:00   1:04 

Players Stats for Inferno

Player Name              G  A  P  +/- PIM S  H  SB GA TA FO     MP     PP MP  PK MP  
------------------------------------------------------------------------------------
Alex Berry               1  0  1   1  0   1  0  0  0  0  0/0     8:27   0:58   0:00 
Andrej Sekera            0  0  0   1  0   1  0  2  2  1  0/0    26:55   5:47   2:26 
Brad Marchand            1  0  1   2  0   7  2  0  1  1  1/2    21:43   5:20   2:03 
Brendan Mikkelson        0  1  1   2  0   1  0  0  1  0  0/0    22:16   4:37   1:41 
Brian Boyle              1  0  1   1  2   3  3  0  1  0  7/11   12:02   0:14   1:20 
Cal O'Reilly             0  0  0   1  0   1  3  0  0  0  1/2     8:32   1:04   0:00 
Colin Wilson             0  0  0   1  0   2  5  0  1  0  20/27  18:52   5:20   0:00 
David Ullstrom           0  0  0   0  0   0  2  1  0  2  0/0     9:26   0:00   0:00 
Jonathan Ferland         0  1  1   1  0   3  0  0  1  1  2/2    20:17   5:20   1:21 
Mark Mitera              0  0  0   0  0   1  0  0  0  1  0/0    13:29   0:32   1:41 
Matt Kassian             0  1  1   1  0   0  0  0  0  0  0/0     8:35   1:01   0:01 
Pavel Vorobiev           0  0  0   0  0   3  0  1  2  0  0/0     9:26   0:00   0:00 
Simon Danis-Pepin        0  0  0   0  2   1  0  1  0  0  0/0    12:09   0:32   0:09 
Stephane Veilleux        0  0  0  -1  2   5  0  0  1  0  1/2    18:11   4:35   0:00 
Travis Hamonic           0  0  0   1  0   1  3  1  1  0  0/0    26:27   5:47   2:26 
Vladimir Sobotka         0  0  0  -1  0   3  3  0  1  0  9/14   19:21   4:28   1:29 
Vladimir Zharkov         0  0  0  -1  0   1  3  0  0  0  0/0    17:58   4:28   0:00 
Yannick Weber            0  1  1   1  0   0  1  0  0  0  0/0    19:54   4:37   0:00 

3 Stars

1 - Jonathan Boutin (Anc)
2 - Brad Marchand (Anc)
3 - Alex Berry (Anc)

Power Play

Sewer Rats - 0 on 3 Attempt(s) - 0,00%
Inferno - 0 on 4 Attempt(s) - 0,00%

Penalty Kill

Sewer Rats - 4 on 4 Attempt(s) - 100,00% - Score 0 goal in Penalty Kill
Inferno - 3 on 3 Attempt(s) - 100,00% - Score 0 goal in Penalty Kill

Official

Referees : Kimmerly Greg and McCreary Bill
Linesman : Don Henderson and Dan Schachte

Game Notes

No Game Note

Sewer Rats

5 vs 5 Forward 
   Center                   Left Wing                Right Wing               Time % Phy DF OF 
 1 Kyle Turris              Max Pacioretty           Kyle Okposo              40     1   2  2  
 2 Lars Eller               Ville Leino              Mark Mancari             30     1   2  2  
 3 Evan Brophey             Vojtech Polak            Derek Dorsett            20     1   2  2  
 4 Max Pacioretty           John Lammers             Jordan Caron             10     1   2  2  

5 vs 5 Defense 
   Defense                  Defense                                           Time % Phy DF OF 
 1 John-Michael Liles       John Erskine                                      40     1   2  2  
 2 Matt Lashoff             Kyle Quincey                                      30     1   2  2  
 3 Steven Kampfer           Jonathan Paiement                                 20     1   2  2  
 4 Mike Funk                Chad Denny                                        10     1   2  2  

PowerPlay Forward 
   Center                   Left Wing                Right Wing               Time % Phy DF OF 
 1 Kyle Turris              Max Pacioretty           Kyle Okposo              60     1   2  2  
 2 Lars Eller               Ville Leino              Mark Mancari             40     1   2  2  

PowerPlay Defense
   Defense                  Defense                                           Time % Phy DF OF 
 1 John-Michael Liles       John Erskine                                      60     1   2  2  
 2 Matt Lashoff             Kyle Quincey                                      40     1   2  2  

Penalty Kill 4 Players Forward 
   Center                   Wing                     Time % Phy DF OF 
 1 Max Pacioretty           Ville Leino              60     1   2  2  
 2 Kyle Okposo              Mark Mancari             40     1   2  2  

Penalty Kill 4 Players Defense
   Defense                  Defense                  Time % Phy DF OF 
 1 John-Michael Liles       John Erskine             60     1   2  2  
 2 Matt Lashoff             Kyle Quincey             40     1   2  2  

Penalty Kill - 3 Players Forward 
   Forward                                           Time % Phy DF OF 
 1 Max Pacioretty                                    60     1   2  2  
 2 Ville Leino                                       40     1   2  2  

Penalty Kill - 3 Players Defense
   Defense                  Defense                  Time % Phy DF OF 
 1 John-Michael Liles       John Erskine             60     1   2  2  
 2 Matt Lashoff             Kyle Quincey             40     1   2  2  

4 vs 4 Forward 
   Center                   Wing                     Time % Phy DF OF 
 1 Max Pacioretty           Ville Leino              60     1   2  2  
 2 Kyle Okposo              Mark Mancari             40     1   2  2  

4 vs 4 Defense
   Defense                  Defense                  Time % Phy DF OF 
 1 John-Michael Liles       John Erskine             60     1   2  2  
 2 Matt Lashoff             Kyle Quincey             40     1   2  2  

Last Minutes Offensive
   Center                   Left Wing                Right Wing               Defense                  Defense                  
   Kyle Turris              Max Pacioretty           Kyle Okposo              John-Michael Liles       John Erskine             

Last Minutes Defensive
   Center                   Left Wing                Right Wing               Defense                  Defense                  
   Kyle Turris              Max Pacioretty           Kyle Okposo              John-Michael Liles       John Erskine             

Goaltenders
Starting : Semyon Varlamov          
Backup : Jhonas Enroth            

Extra Forwards
Normal : Vojtech Polak, Derek Dorsett, John Lammers - PP : Vojtech Polak, Derek Dorsett - PK : John Lammers
Extra Defensemen
Normal : Steven Kampfer, Jonathan Paiement, Mike Funk - PP : Steven Kampfer - PK : Jonathan Paiement, Mike Funk
Penalty Shots
Max Pacioretty, Ville Leino, Kyle Okposo, Mark Mancari, Vojtech Polak

Inferno

5 vs 5 Forward 
   Center                   Left Wing                Right Wing               Time % Phy DF OF 
 1 Colin Wilson             Brad Marchand            Jonathan Ferland         40     1   2  2  
 2 Vladimir Sobotka         Stephane Veilleux        Vladimir Zharkov         30     1   2  2  
 3 Brian Boyle              David Ullstrom           Pavel Vorobiev           20     1   2  2  
 4 Cal O'Reilly             Matt Kassian             Alex Berry               10     1   2  2  

5 vs 5 Defense 
   Defense                  Defense                                           Time % Phy DF OF 
 1 Travis Hamonic           Andrej Sekera                                     40     1   2  2  
 2 Brendan Mikkelson        Yannick Weber                                     30     1   2  2  
 3 Simon Danis-Pepin        Mark Mitera                                       20     1   2  2  
 4 Travis Hamonic           Andrej Sekera                                     10     1   2  2  

PowerPlay Forward 
   Center                   Left Wing                Right Wing               Time % Phy DF OF 
 1 Colin Wilson             Brad Marchand            Jonathan Ferland         60     1   1  3  
 2 Vladimir Sobotka         Stephane Veilleux        Vladimir Zharkov         40     1   1  3  

PowerPlay Defense
   Defense                  Defense                                           Time % Phy DF OF 
 1 Travis Hamonic           Andrej Sekera                                     60     1   1  3  
 2 Brendan Mikkelson        Yannick Weber                                     40     1   1  3  

Penalty Kill 4 Players Forward 
   Center                   Wing                     Time % Phy DF OF 
 1 Brian Boyle              Jonathan Ferland         60     1   4  0  
 2 Vladimir Sobotka         Brad Marchand            40     1   4  0  

Penalty Kill 4 Players Defense
   Defense                  Defense                  Time % Phy DF OF 
 1 Travis Hamonic           Andrej Sekera            60     1   4  0  
 2 Brendan Mikkelson        Mark Mitera              40     1   4  0  

Penalty Kill - 3 Players Forward 
   Forward                                           Time % Phy DF OF 
 1 Vladimir Sobotka                                  60     1   4  0  
 2 Brad Marchand                                     40     1   4  0  

Penalty Kill - 3 Players Defense
   Defense                  Defense                  Time % Phy DF OF 
 1 Travis Hamonic           Andrej Sekera            60     1   4  0  
 2 Brendan Mikkelson        Mark Mitera              40     1   4  0  

4 vs 4 Forward 
   Center                   Wing                     Time % Phy DF OF 
 1 Colin Wilson             Brad Marchand            60     1   2  2  
 2 Vladimir Sobotka         Jonathan Ferland         40     1   2  2  

4 vs 4 Defense
   Defense                  Defense                  Time % Phy DF OF 
 1 Travis Hamonic           Andrej Sekera            60     1   2  2  
 2 Brendan Mikkelson        Yannick Weber            40     1   2  2  

Last Minutes Offensive
   Center                   Left Wing                Right Wing               Defense                  Defense                  
   Colin Wilson             Brad Marchand            Jonathan Ferland         Travis Hamonic           Andrej Sekera            

Last Minutes Defensive
   Center                   Left Wing                Right Wing               Defense                  Defense                  
   Vladimir Sobotka         Brad Marchand            Jonathan Ferland         Travis Hamonic           Andrej Sekera            

Goaltenders
Starting : Jonathan Boutin          
Backup : Josh Harding             

Extra Forwards
Normal : Brad Marchand, Jonathan Ferland, Vladimir Sobotka - PP : Stephane Veilleux, Cal O'Reilly - PK : Brad Marchand
Extra Defensemen
Normal : Andrej Sekera, Travis Hamonic, Brendan Mikkelson - PP : Yannick Weber - PK : Brendan Mikkelson, Andrej Sekera
Penalty Shots
Stephane Veilleux, Colin Wilson, Brad Marchand, Jonathan Ferland, Vladimir Zharkov

% Time on Ice - Sewer Rats

Lines # - Real PCT - Wanted PCT - Time Play
Normal Forward
1 - 30% - 40% - 13:28
2 - 31% - 30% - 13:47
3 - 27% - 20% - 12:09
4 - 12% - 10% - 5:33
Normal Defense
1 - 41% - 40% - 18:17
2 - 30% - 30% - 13:40
3 - 19% - 20% - 8:25
4 - 10% - 10% - 4:35
PP Forward
1 - 43% - 60% - 1:47
2 - 57% - 40% - 2:20
PP Defense
1 - 72% - 60% - 2:57
2 - 28% - 40% - 1:10
PK Forward
1 - 66% - 60% - 7:11
2 - 34% - 40% - 3:45
PK Defense
1 - 58% - 60% - 6:19
2 - 42% - 40% - 4:37
PK3 Forward
1 - 0% - 60%
2 - 0% - 40%
PK3 Defense
1 - 0% - 60%
2 - 0% - 40%
44 Forward
1 - 0% - 60%
2 - 0% - 40%
44 Defense
1 - 0% - 60%
2 - 0% - 40%
Last Minute Offensive  - 0:00
Last Minute Defensive  - 0:00
Total
Forward - 60:00
Defense - 60:00

% Time on Ice - Inferno

Lines # - Real PCT - Wanted PCT - Time Play
Normal Forward
1 - 30% - 40% - 13:37
2 - 32% - 30% - 14:32
3 - 21% - 20% - 9:26
4 - 16% - 10% - 7:22
Normal Defense
1 - 40% - 40% - 17:49
2 - 36% - 30% - 16:12
3 - 24% - 20% - 10:34
4 - 1% - 10% - 0:22
PP Forward
1 - 54% - 60% - 5:54
2 - 46% - 40% - 5:02
PP Defense
1 - 58% - 60% - 6:19
2 - 42% - 40% - 4:37
PK Forward
1 - 60% - 60% - 1:22
2 - 40% - 40% - 0:55
PK Defense
1 - 61% - 60% - 1:23
2 - 39% - 40% - 0:54
PK3 Forward
1 - 39% - 60% - 0:43
2 - 61% - 40% - 1:07
PK3 Defense
1 - 57% - 60% - 1:03
2 - 43% - 40% - 0:47
44 Forward
1 - 0% - 60%
2 - 0% - 40%
44 Defense
1 - 0% - 60%
2 - 0% - 40%
Last Minute Offensive  - 0:00
Last Minute Defensive  - 0:00
Total
Forward - 60:00
Defense - 60:00

Play by Play

1st period


0:01 of 1st period - Colin Wilson wins face-off versus Kyle Turris in neutral zone.
0:54 of 1st period - Snap shot by Brian Boyle.
0:54 of 1st period - Stopped by Semyon Varlamov without a rebound.
0:55 of 1st period - Brian Boyle wins face-off versus Max Pacioretty in Sewer Rats zone.
2:05 of 1st period - Slapshot by Vladimir Sobotka.
2:05 of 1st period - Shot Misses the Net.
2:07 of 1st period - Slapshot by Simon Danis-Pepin.
2:07 of 1st period - Deflect By Kyle Okposo.
2:07 of 1st period - Stopped by Semyon Varlamov with a rebound.
2:31 of 1st period - Snap shot by Cal O'Reilly.
2:31 of 1st period - Shot Misses the Net.
2:33 of 1st period - Slapshot by Brendan Mikkelson.
2:33 of 1st period - Shot Blocked by Matt Lashoff.
2:49 of 1st period - Snap shot by Vojtech Polak.
2:49 of 1st period - Stopped by Jonathan Boutin with a rebound.
2:51 of 1st period - Wrist shot by Vojtech Polak.
2:51 of 1st period - Stopped by Jonathan Boutin with a rebound.
2:53 of 1st period - Slapshot by Kyle Quincey.
2:53 of 1st period - Deflect By Derek Dorsett.
2:53 of 1st period - Stopped by Jonathan Boutin without a rebound.
2:54 of 1st period - Stephane Veilleux wins face-off versus Lars Eller in Inferno zone.
3:15 of 1st period - Minor Penalty to Stephane Veilleux for Cross-checking.
3:16 of 1st period - Kyle Turris wins face-off versus Brian Boyle in Inferno zone.
3:19 of 1st period - Wrist shot by Kyle Okposo.
3:19 of 1st period - Shot Blocked by Andrej Sekera.
3:21 of 1st period - Snap shot by Kyle Turris.
3:21 of 1st period - Shot Misses the Net.
3:23 of 1st period - Slapshot by John Erskine.
3:23 of 1st period - Stopped by Jonathan Boutin without a rebound.
3:24 of 1st period - Brian Boyle wins face-off versus Kyle Turris in Inferno zone.
3:24 of 1st period - Brian Boyle is hit by Kyle Turris.
4:11 of 1st period - Mark Mitera is hit by John Erskine and loses puck.
4:27 of 1st period - Off-side.
4:28 of 1st period - Kyle Turris wins face-off versus Brian Boyle in neutral zone.
5:15 of 1st period - Penalty to Stephane Veilleux is over, Stephane Veilleux is back on ice.
5:23 of 1st period - Snap shot by Brad Marchand.
5:23 of 1st period - Deflect By Cal O'Reilly.
5:23 of 1st period - Shot Misses the Net.
5:23 of 1st period - Puck is out of play.
5:24 of 1st period - Evan Brophey wins face-off versus Cal O'Reilly in Sewer Rats zone.
5:49 of 1st period - Ville Leino is hit by Vladimir Sobotka and loses puck.
7:47 of 1st period - Kyle Turris is hit by David Ullstrom and loses puck.
8:04 of 1st period - Wrist shot by Jordan Caron.
8:04 of 1st period - Shot Misses the Net.
8:38 of 1st period - Snap shot by Stephane Veilleux.
8:38 of 1st period - Stopped by Semyon Varlamov without a rebound.
8:39 of 1st period - Colin Wilson wins face-off versus Evan Brophey in Sewer Rats zone.
8:42 of 1st period - Wrist shot by Jonathan Ferland.
8:42 of 1st period - Shot Misses the Net.
8:44 of 1st period - Snap shot by Brad Marchand.
8:44 of 1st period - Shot Misses the Net.
8:46 of 1st period - Snap shot by Brad Marchand.
8:46 of 1st period - Stopped by Semyon Varlamov without a rebound.
8:47 of 1st period - Kyle Turris wins face-off versus Colin Wilson in Sewer Rats zone.
8:54 of 1st period - Slapshot by Brad Marchand.
8:54 of 1st period - Goal by Brad Marchand - Sewer Rats : 0 - Inferno : 1.
8:55 of 1st period - Colin Wilson wins face-off versus Kyle Turris in neutral zone.
10:18 of 1st period - Wrist shot by Ville Leino.
10:18 of 1st period - Stopped by Jonathan Boutin with a rebound.
10:20 of 1st period - Snap shot by Ville Leino.
10:20 of 1st period - Deflect By Mark Mancari.
10:20 of 1st period - Shot Misses the Net.
10:20 of 1st period - Puck is out of play.
10:21 of 1st period - Colin Wilson wins face-off versus Lars Eller in Inferno zone.
10:21 of 1st period - Colin Wilson is hit by Mark Mancari.
10:30 of 1st period - Jonathan Ferland is hit by Ville Leino and loses puck.
10:35 of 1st period - Snap shot by Colin Wilson.
10:35 of 1st period - Deflect By Lars Eller.
10:35 of 1st period - Stopped by Semyon Varlamov without a rebound.
10:36 of 1st period - Colin Wilson wins face-off versus Kyle Turris in Sewer Rats zone.
10:50 of 1st period - Minor Penalty to John-Michael Liles for Hooking.
10:51 of 1st period - Colin Wilson wins face-off versus Ville Leino in Sewer Rats zone.
12:02 of 1st period - John Erskine is hit by Vladimir Zharkov and loses puck.
12:50 of 1st period - Penalty to John-Michael Liles is over, John-Michael Liles is back on ice.
12:56 of 1st period - Snap shot by Brian Boyle.
12:56 of 1st period - Shot Misses the Net.
13:02 of 1st period - Snap shot by Pavel Vorobiev.
13:02 of 1st period - Stopped by Semyon Varlamov without a rebound.
13:03 of 1st period - Evan Brophey wins face-off versus Brian Boyle in Sewer Rats zone.
13:03 of 1st period - Evan Brophey is hit by Brian Boyle.
13:50 of 1st period - Travis Hamonic is hit by Mark Mancari and loses puck.
14:09 of 1st period - Backhand shot by Max Pacioretty.
14:09 of 1st period - Shot Blocked by Travis Hamonic.
14:12 of 1st period - Icing by Travis Hamonic.
14:13 of 1st period - Evan Brophey wins face-off versus Vladimir Sobotka in Inferno zone.
14:14 of 1st period - Slapshot by Vojtech Polak.
14:14 of 1st period - Shot Misses the Net.
14:28 of 1st period - Wrist shot by Vladimir Sobotka.
14:28 of 1st period - Stopped by Semyon Varlamov with a rebound.
14:30 of 1st period - Slapshot by Vladimir Sobotka.
14:30 of 1st period - Shot Blocked by John-Michael Liles.
14:34 of 1st period - Slapshot by Stephane Veilleux.
14:34 of 1st period - Shot Misses the Net.
14:36 of 1st period - Slapshot by Travis Hamonic.
14:36 of 1st period - Shot Misses the Net.
14:38 of 1st period - Slapshot by Andrej Sekera.
14:38 of 1st period - Shot Blocked by John Erskine.
14:40 of 1st period - Slapshot by Andrej Sekera.
14:40 of 1st period - Stopped by Semyon Varlamov with a rebound.
14:42 of 1st period - Wrist shot by Vladimir Sobotka.
14:42 of 1st period - Stopped by Semyon Varlamov with a rebound.
14:44 of 1st period - Slapshot by Travis Hamonic.
14:44 of 1st period - Shot Blocked by John Erskine.
14:46 of 1st period - Wrist shot by Vladimir Sobotka.
14:46 of 1st period - Shot Misses the Net.
14:48 of 1st period - Slapshot by Vladimir Zharkov.
14:48 of 1st period - Shot Misses the Net.
15:00 of 1st period - Wrist shot by Vladimir Sobotka.
15:00 of 1st period - Shot Blocked by Evan Brophey.
15:02 of 1st period - Snap shot by Stephane Veilleux.
15:02 of 1st period - Shot Blocked by John Erskine.
15:12 of 1st period - Slapshot by Vladimir Sobotka.
15:12 of 1st period - Deflect By Stephane Veilleux.
15:12 of 1st period - Stopped by Semyon Varlamov without a rebound.
15:13 of 1st period - Colin Wilson wins face-off versus Kyle Turris in Sewer Rats zone.
15:38 of 1st period - Brian Boyle is hit by Ville Leino and loses puck.
15:47 of 1st period - Wrist shot by Brian Boyle.
15:47 of 1st period - Stopped by Semyon Varlamov with a rebound.
16:18 of 1st period - Slapshot by Brad Marchand.
16:18 of 1st period - Deflect By Kyle Okposo.
16:18 of 1st period - Stopped by Semyon Varlamov without a rebound.
16:19 of 1st period - Colin Wilson wins face-off versus Kyle Turris in Sewer Rats zone.
16:32 of 1st period - Slapshot by Colin Wilson.
16:32 of 1st period - Deflect By Brad Marchand.
16:32 of 1st period - Shot Misses the Net.
16:32 of 1st period - Puck is out of play.
16:33 of 1st period - Colin Wilson wins face-off versus Lars Eller in Sewer Rats zone.
16:48 of 1st period - Snap shot by Ville Leino.
16:48 of 1st period - Stopped by Jonathan Boutin with a rebound.
17:00 of 1st period - John-Michael Liles is hit by Travis Hamonic and loses puck.
17:12 of 1st period - Minor Penalty to John-Michael Liles for Hooking.
17:13 of 1st period - Max Pacioretty wins face-off versus Colin Wilson in Sewer Rats zone.
19:12 of 1st period - Penalty to John-Michael Liles is over, John-Michael Liles is back on ice.
19:47 of 1st period - Mark Mitera is hit by Max Pacioretty and loses puck.
Goals for this period are 0 for Sewer Rats vs 1 for Inferno.
Shots for this period are 6 for Sewer Rats vs 13 for Inferno.

2nd period


0:01 of 2nd period - Jonathan Ferland wins face-off versus Kyle Turris in neutral zone.
0:04 of 2nd period - John Erskine is hit by Brad Marchand and loses puck.
0:26 of 2nd period - Major Penalty to Kyle Okposo for Kneeing.
0:27 of 2nd period - Colin Wilson wins face-off versus Ville Leino in Sewer Rats zone.
0:28 of 2nd period - Snap shot by Brad Marchand.
0:28 of 2nd period - Shot Misses the Net.
0:38 of 2nd period - Slapshot by Andrej Sekera.
0:38 of 2nd period - Shot Hit the Post.
0:54 of 2nd period - John-Michael Liles is hit by Vladimir Sobotka and loses puck.
2:02 of 2nd period - Travis Hamonic is hit by Kyle Turris and loses puck.
4:04 of 2nd period - Icing by Vladimir Sobotka.
4:05 of 2nd period - Kyle Turris wins face-off versus Vladimir Sobotka in Inferno zone.
4:58 of 2nd period - John-Michael Liles is hit by Cal O'Reilly and loses puck.
5:26 of 2nd period - Penalty to Kyle Okposo is over, Kyle Okposo is back on ice.
6:54 of 2nd period - Andrej Sekera is hit by Max Pacioretty and loses puck.
7:50 of 2nd period - Brendan Mikkelson is hit by John Erskine and loses puck.
8:15 of 2nd period - Wrist shot by Jonathan Ferland.
8:15 of 2nd period - Stopped by Semyon Varlamov without a rebound.
8:16 of 2nd period - Kyle Turris wins face-off versus Colin Wilson in Sewer Rats zone.
8:21 of 2nd period - Slapshot by Matt Lashoff.
8:21 of 2nd period - Stopped by Jonathan Boutin without a rebound.
8:22 of 2nd period - Colin Wilson wins face-off versus Kyle Turris in Inferno zone.
8:43 of 2nd period - Kyle Quincey is hit by Vladimir Zharkov and loses puck.
8:52 of 2nd period - Stephane Veilleux is hit by John-Michael Liles and loses puck.
9:43 of 2nd period - Brendan Mikkelson is hit by Mark Mancari and loses puck.
9:50 of 2nd period - Backhand shot by Cal O'Reilly.
9:50 of 2nd period - Stopped by Semyon Varlamov with a rebound.
10:00 of 2nd period - Wrist shot by Mark Mancari.
10:00 of 2nd period - Stopped by Jonathan Boutin with a rebound.
10:08 of 2nd period - Max Pacioretty is hit by Vladimir Zharkov and loses puck.
11:13 of 2nd period - Snap shot by Kyle Quincey.
11:13 of 2nd period - Deflect By Stephane Veilleux.
11:13 of 2nd period - Stopped by Jonathan Boutin without a rebound.
11:14 of 2nd period - Vladimir Sobotka wins face-off versus Evan Brophey in Inferno zone.
11:42 of 2nd period - Slapshot by Stephane Veilleux.
11:42 of 2nd period - Stopped by Semyon Varlamov with a rebound.
11:44 of 2nd period - Slapshot by Travis Hamonic.
11:44 of 2nd period - Shot Blocked by Derek Dorsett.
12:04 of 2nd period - Wrist shot by Stephane Veilleux.
12:04 of 2nd period - Deflect By Vladimir Zharkov.
12:04 of 2nd period - Stopped by Semyon Varlamov without a rebound.
12:05 of 2nd period - Kyle Turris wins face-off versus Colin Wilson in Sewer Rats zone.
12:05 of 2nd period - Kyle Turris is hit by Colin Wilson.
12:11 of 2nd period - Simon Danis-Pepin is hit by Max Pacioretty and loses puck.
12:37 of 2nd period - Snap shot by Brian Boyle.
12:37 of 2nd period - Deflect By Pavel Vorobiev.
12:37 of 2nd period - Stopped by Semyon Varlamov with a rebound.
13:31 of 2nd period - Icing by Stephane Veilleux.
13:32 of 2nd period - Brian Boyle wins face-off versus Kyle Turris in Inferno zone.
13:32 of 2nd period - Brian Boyle is hit by John Erskine.
13:56 of 2nd period - Snap shot by Brad Marchand.
13:56 of 2nd period - Shot Misses the Net.
14:11 of 2nd period - Icing by John Erskine.
14:12 of 2nd period - Vladimir Sobotka wins face-off versus Evan Brophey in Sewer Rats zone.
14:13 of 2nd period - Slapshot by Stephane Veilleux.
14:13 of 2nd period - Stopped by Semyon Varlamov without a rebound.
14:14 of 2nd period - Vladimir Sobotka wins face-off versus Evan Brophey in Sewer Rats zone.
14:15 of 2nd period - Snap shot by Stephane Veilleux.
14:15 of 2nd period - Shot Misses the Net.
14:17 of 2nd period - Wrist shot by Vladimir Zharkov.
14:17 of 2nd period - Shot Blocked by Kyle Quincey.
14:19 of 2nd period - Snap shot by Vladimir Zharkov.
14:19 of 2nd period - Deflect By Vladimir Sobotka.
14:19 of 2nd period - Stopped by Semyon Varlamov with a rebound.
14:25 of 2nd period - Wrist shot by Stephane Veilleux.
14:25 of 2nd period - Deflect By Matt Lashoff.
14:25 of 2nd period - Shot Misses the Net.
14:25 of 2nd period - Puck is out of play.
14:26 of 2nd period - Max Pacioretty wins face-off versus Colin Wilson in Sewer Rats zone.
14:51 of 2nd period - Vladimir Sobotka is hit by Ville Leino and loses puck.
14:58 of 2nd period - Backhand shot by Lars Eller.
14:58 of 2nd period - Stopped by Jonathan Boutin without a rebound.
14:59 of 2nd period - Colin Wilson wins face-off versus Kyle Turris in Inferno zone.
14:59 of 2nd period - Colin Wilson is hit by Max Pacioretty.
15:14 of 2nd period - Off-side.
15:15 of 2nd period - Vladimir Sobotka wins face-off versus Lars Eller in neutral zone.
15:18 of 2nd period - Slapshot by Andrej Sekera.
15:18 of 2nd period - Shot Misses the Net.
15:25 of 2nd period - Icing by John-Michael Liles.
15:26 of 2nd period - Colin Wilson wins face-off versus Lars Eller in Sewer Rats zone.
15:35 of 2nd period - Slapshot by Ville Leino.
15:35 of 2nd period - Stopped by Jonathan Boutin with a rebound.
15:37 of 2nd period - Slapshot by John-Michael Liles.
15:37 of 2nd period - Stopped by Jonathan Boutin with a rebound.
15:39 of 2nd period - Wrist shot by Mark Mancari.
15:39 of 2nd period - Shot Misses the Net.
15:41 of 2nd period - Backhand shot by Lars Eller.
15:41 of 2nd period - Stopped by Jonathan Boutin with a rebound.
15:43 of 2nd period - Slapshot by John-Michael Liles.
15:43 of 2nd period - Deflect By Mark Mancari.
15:43 of 2nd period - Stopped by Jonathan Boutin with a rebound.
15:45 of 2nd period - Snap shot by Lars Eller.
15:45 of 2nd period - Stopped by Jonathan Boutin with a rebound.
15:47 of 2nd period - Snap shot by Mark Mancari.
15:47 of 2nd period - Deflect By Lars Eller.
15:47 of 2nd period - Shot Blocked by Andrej Sekera.
15:47 of 2nd period - Puck is out of play.
15:48 of 2nd period - Vladimir Sobotka wins face-off versus Kyle Turris in Inferno zone.
16:03 of 2nd period - Wrist shot by Kyle Okposo.
16:03 of 2nd period - Stopped by Jonathan Boutin with a rebound.
16:34 of 2nd period - Slapshot by Pavel Vorobiev.
16:34 of 2nd period - Stopped by Semyon Varlamov without a rebound.
16:35 of 2nd period - Brian Boyle wins face-off versus Evan Brophey in Sewer Rats zone.
16:36 of 2nd period - Wrist shot by Pavel Vorobiev.
16:36 of 2nd period - Shot Misses the Net.
16:46 of 2nd period - Wrist shot by Evan Brophey.
16:46 of 2nd period - Shot Blocked by David Ullstrom.
16:48 of 2nd period - Snap shot by Evan Brophey.
16:48 of 2nd period - Deflect By Vojtech Polak.
16:48 of 2nd period - Shot Blocked by Pavel Vorobiev.
16:48 of 2nd period - Puck is out of play.
16:49 of 2nd period - Brad Marchand wins face-off versus Kyle Turris in Inferno zone.
17:14 of 2nd period - Ville Leino is hit by Travis Hamonic and loses puck.
18:10 of 2nd period - Snap shot by Kyle Turris.
18:10 of 2nd period - Stopped by Jonathan Boutin with a rebound.
18:12 of 2nd period - Snap shot by Kyle Turris.
18:12 of 2nd period - Stopped by Jonathan Boutin without a rebound.
18:13 of 2nd period - Colin Wilson wins face-off versus Kyle Turris in Inferno zone.
18:59 of 2nd period - Ville Leino is hit by David Ullstrom and loses puck.
19:06 of 2nd period - Snap shot by Lars Eller.
19:06 of 2nd period - Stopped by Jonathan Boutin with a rebound.
19:08 of 2nd period - Snap shot by Mark Mancari.
19:08 of 2nd period - Shot Misses the Net.
19:41 of 2nd period - John Erskine is hit by Colin Wilson and loses puck.
Goals for this period are 0 for Sewer Rats vs 0 for Inferno.
Shots for this period are 13 for Sewer Rats vs 8 for Inferno.

3rd period


0:01 of 3rd period - Colin Wilson wins face-off versus Kyle Turris in neutral zone.
0:23 of 3rd period - Icing by John-Michael Liles.
0:24 of 3rd period - Vladimir Sobotka wins face-off versus Kyle Turris in Sewer Rats zone.
0:35 of 3rd period - Slapshot by John-Michael Liles.
0:35 of 3rd period - Stopped by Jonathan Boutin without a rebound.
0:36 of 3rd period - Colin Wilson wins face-off versus Lars Eller in Inferno zone.
0:41 of 3rd period - Kyle Quincey is hit by Colin Wilson and loses puck.
1:04 of 3rd period - Icing by Kyle Quincey.
1:05 of 3rd period - Vladimir Sobotka wins face-off versus Kyle Turris in Sewer Rats zone.
1:10 of 3rd period - Slapshot by Stephane Veilleux.
1:10 of 3rd period - Shot Blocked by John-Michael Liles.
1:51 of 3rd period - Off-side.
1:52 of 3rd period - Brian Boyle wins face-off versus Lars Eller in neutral zone.
2:17 of 3rd period - Colin Wilson is hit by Vojtech Polak.
3:02 of 3rd period - Brendan Mikkelson is hit by Mark Mancari.
3:15 of 3rd period - Kyle Okposo is hit by Cal O'Reilly and loses puck.
3:28 of 3rd period - Slapshot by Brendan Mikkelson.
3:28 of 3rd period - Shot Misses the Net.
3:30 of 3rd period - Slapshot by Yannick Weber.
3:30 of 3rd period - Shot Hit the Post.
3:32 of 3rd period - Wrist shot by Matt Kassian.
3:32 of 3rd period - Shot Misses the Net.
3:34 of 3rd period - Slapshot by Matt Kassian.
3:34 of 3rd period - Shot Misses the Net.
3:36 of 3rd period - Wrist shot by Cal O'Reilly.
3:36 of 3rd period - Shot Blocked by John Erskine.
3:38 of 3rd period - Slapshot by Brendan Mikkelson.
3:38 of 3rd period - Shot Misses the Net.
3:40 of 3rd period - Snap shot by Yannick Weber.
3:40 of 3rd period - Shot Blocked by John Erskine.
3:42 of 3rd period - Wrist shot by Matt Kassian.
3:42 of 3rd period - Deflect By Alex Berry.
3:42 of 3rd period - Goal by Alex Berry - Sewer Rats : 0 - Inferno : 2.
3:43 of 3rd period - Colin Wilson wins face-off versus Kyle Turris in neutral zone.
3:46 of 3rd period - Kyle Okposo is hit by Brad Marchand.
3:50 of 3rd period - Slapshot by John-Michael Liles.
3:50 of 3rd period - Stopped by Jonathan Boutin with a rebound.
3:52 of 3rd period - Slapshot by John Erskine.
3:52 of 3rd period - Shot Misses the Net.
3:54 of 3rd period - Backhand shot by John-Michael Liles.
3:54 of 3rd period - Deflect By Max Pacioretty.
3:54 of 3rd period - Shot Misses the Net.
3:54 of 3rd period - Puck is out of play.
3:55 of 3rd period - Kyle Okposo wins face-off versus Colin Wilson in Inferno zone.
3:56 of 3rd period - Snap shot by Kyle Turris.
3:56 of 3rd period - Stopped by Jonathan Boutin with a rebound.
4:02 of 3rd period - Backhand shot by Jonathan Ferland.
4:02 of 3rd period - Stopped by Semyon Varlamov without a rebound.
4:03 of 3rd period - Jonathan Ferland wins face-off versus Max Pacioretty in Sewer Rats zone.
4:18 of 3rd period - Slapshot by Jonathan Ferland.
4:18 of 3rd period - Shot Blocked by Max Pacioretty.
4:24 of 3rd period - Minor Penalty to Kyle Quincey for Slashing.
4:25 of 3rd period - Colin Wilson wins face-off versus Max Pacioretty in Sewer Rats zone.
4:26 of 3rd period - Slapshot by Brad Marchand.
4:26 of 3rd period - Stopped by Semyon Varlamov without a rebound.
4:27 of 3rd period - Max Pacioretty wins face-off versus Colin Wilson in Sewer Rats zone.
4:38 of 3rd period - John Erskine is hit by Colin Wilson.
5:06 of 3rd period - Wrist shot by Jonathan Ferland.
5:06 of 3rd period - Stopped by Semyon Varlamov without a rebound.
5:07 of 3rd period - Vladimir Sobotka wins face-off versus Max Pacioretty in Sewer Rats zone.
6:24 of 3rd period - Penalty to Kyle Quincey is over, Kyle Quincey is back on ice.
6:27 of 3rd period - Slapshot by Mark Mancari.
6:27 of 3rd period - Stopped by Jonathan Boutin without a rebound.
6:28 of 3rd period - Evan Brophey wins face-off versus Vladimir Sobotka in Inferno zone.
6:29 of 3rd period - Snap shot by Vojtech Polak.
6:29 of 3rd period - Shot Misses the Net.
6:31 of 3rd period - Backhand shot by Kyle Quincey.
6:31 of 3rd period - Stopped by Jonathan Boutin with a rebound.
6:35 of 3rd period - Slapshot by Vojtech Polak.
6:35 of 3rd period - Shot Misses the Net.
6:37 of 3rd period - Wrist shot by Evan Brophey.
6:37 of 3rd period - Goal by Evan Brophey - Sewer Rats : 1 - Inferno : 2.
6:38 of 3rd period - Colin Wilson wins face-off versus Kyle Turris in neutral zone.
6:41 of 3rd period - Backhand shot by Jonathan Ferland.
6:41 of 3rd period - Shot Misses the Net.
6:43 of 3rd period - Slapshot by Travis Hamonic.
6:43 of 3rd period - Stopped by Semyon Varlamov with a rebound.
6:49 of 3rd period - Snap shot by Colin Wilson.
6:49 of 3rd period - Stopped by Semyon Varlamov without a rebound.
6:50 of 3rd period - Colin Wilson wins face-off versus Kyle Turris in Sewer Rats zone.
7:17 of 3rd period - Mark Mancari is hit by Brian Boyle and loses puck.
7:47 of 3rd period - Minor Penalty to Simon Danis-Pepin for Cross-checking.
7:48 of 3rd period - Brian Boyle wins face-off versus Kyle Turris in Inferno zone.
7:48 of 3rd period - Brian Boyle is hit by Kyle Okposo.
7:56 of 3rd period - Minor Penalty to Brian Boyle for Tripping.
7:57 of 3rd period - Kyle Turris wins face-off versus Vladimir Sobotka in Inferno zone.
8:49 of 3rd period - Wrist shot by Brad Marchand.
8:49 of 3rd period - Stopped by Semyon Varlamov without a rebound.
8:50 of 3rd period - Lars Eller wins face-off versus Brad Marchand in Sewer Rats zone.
8:55 of 3rd period - Backhand shot by Brendan Mikkelson.
8:55 of 3rd period - Stopped by Semyon Varlamov with a rebound.
8:57 of 3rd period - Wrist shot by Mark Mitera.
8:57 of 3rd period - Stopped by Semyon Varlamov with a rebound.
9:47 of 3rd period - Penalty to Simon Danis-Pepin is over, Simon Danis-Pepin is back on ice.
9:56 of 3rd period - Penalty to Brian Boyle is over, Brian Boyle is back on ice.
10:19 of 3rd period - Wrist shot by Brad Marchand.
10:19 of 3rd period - Stopped by Semyon Varlamov with a rebound.
10:31 of 3rd period - Wrist shot by Brad Marchand.
10:31 of 3rd period - Stopped by Semyon Varlamov with a rebound.
10:47 of 3rd period - Snap shot by Mark Mancari.
10:47 of 3rd period - Shot Blocked by Simon Danis-Pepin.
10:57 of 3rd period - Wrist shot by Brian Boyle.
10:57 of 3rd period - Goal by Brian Boyle - Sewer Rats : 1 - Inferno : 3.
10:58 of 3rd period - Vladimir Sobotka wins face-off versus Kyle Turris in neutral zone.
11:46 of 3rd period - Brian Boyle is hit by Jonathan Paiement and loses puck.
12:03 of 3rd period - Kyle Turris is hit by Yannick Weber and loses puck.
12:46 of 3rd period - Snap shot by Andrej Sekera.
12:46 of 3rd period - Shot Misses the Net.
13:47 of 3rd period - Snap shot by Colin Wilson.
13:47 of 3rd period - Shot Misses the Net.
14:16 of 3rd period - Vladimir Sobotka is hit by Kyle Turris and loses puck.
14:46 of 3rd period - Steven Kampfer is hit by Brian Boyle and loses puck.
15:07 of 3rd period - Mark Mancari is hit by Vladimir Sobotka and loses puck.
15:55 of 3rd period - John-Michael Liles is hit by Colin Wilson.
16:11 of 3rd period - Mike Funk is hit by Cal O'Reilly and loses puck.
17:13 of 3rd period - Icing by Jonathan Paiement.
17:14 of 3rd period - Cal O'Reilly wins face-off versus Lars Eller in Sewer Rats zone.
17:36 of 3rd period - Max Pacioretty is hit by Travis Hamonic and loses puck.
18:18 of 3rd period - Off-side.
18:19 of 3rd period - Lars Eller wins face-off versus Brian Boyle in neutral zone.
18:54 of 3rd period - Off-side.
18:55 of 3rd period - Evan Brophey wins face-off versus Vladimir Sobotka in neutral zone.
18:59 of 3rd period - Off-side.
19:00 of 3rd period - Max Pacioretty wins face-off versus Stephane Veilleux in neutral zone.
19:13 of 3rd period - Vladimir Sobotka is hit by John Lammers and loses puck.
19:22 of 3rd period - Wrist shot by Vladimir Sobotka.
19:22 of 3rd period - Shot Blocked by Kyle Quincey.
19:24 of 3rd period - Snap shot by Stephane Veilleux.
19:24 of 3rd period - Shot Blocked by Kyle Quincey.
19:26 of 3rd period - Slapshot by Brendan Mikkelson.
19:26 of 3rd period - Shot Misses the Net.
19:38 of 3rd period - Wrist shot by Stephane Veilleux.
19:38 of 3rd period - Stopped by Semyon Varlamov without a rebound.
19:39 of 3rd period - Brian Boyle wins face-off versus Max Pacioretty in Sewer Rats zone.
19:46 of 3rd period - Andrej Sekera is hit by John Erskine.
19:50 of 3rd period - Slapshot by John Lammers.
19:50 of 3rd period - Shot Misses the Net.
Goals for this period are 1 for Sewer Rats vs 2 for Inferno.
Shots for this period are 6 for Sewer Rats vs 13 for Inferno.


Output by the SimonT Hockey Simulator (STHS) for François Prévost -- Original Page W3C XHTML 1.0 Valid
Hockey Simulator - Hockey Simulation - Hockey Manager